 Dungeon Crawl Stone Soup version 0.17.1-3-g152610e (webtiles) character file.

2842 Urist the Thaumaturge (level 9, -1/81 HPs)
             Began as a High Elf Air Elementalist on Apr 9, 2016.
             Was a Priest of Sif Muna.
             Slain by an orc warrior
             ... wielding a +0 glaive
              (21 damage)
             ... in a bailey.
             The game lasted 00:41:41 (8207 turns).

Urist the Thaumaturge (High Elf Air Elementalist)   Turns: 8207, Time: 00:41:41

Health: -1/81      AC:  9    Str: 12    XL:     9   Next: 46%
Magic:  2/22       EV: 21    Int: 23    God:    Sif Muna [***...]
Gold:   415        SH:  0    Dex: 21    Spells: 7 memorised, 9 levels left

rFire  + + .     SeeInvis .     B - +3 quarterstaff (chaos)
rCold  + + .     Clarity  .     s - +0 robe {rF+}
rNeg   . . .     SustAt   .     (shield currently unavailable)
rPois  +         Gourm    .     k - +0 helmet
rElec  +         Spirit   .     C - +2 cloak {+Inv}
rCorr  +         Warding  .     (no gloves)
rMut   .         Stasis   .     h - +2 pair of boots
MR     .....                    (no amulet)
Stlth  ..........               m - ring of poison resistance
                                e - ring of protection from cold

@: mighty, agile, berserking, resistant, very slightly contaminated, repel
missiles, very quick, not resistant to hostile enchantments, extremely
unstealthy
A: no striking features
a: Channel Energy, Forget Spell, Renounce Religion, Evoke Invisibility


You were in a bailey.
You worshipped Sif Muna.
Sif Muna was most pleased with you.
You were not hungry.

You visited 1 branch of the dungeon, and saw 8 of its levels.
You also visited: Bailey.

You collected 415 gold pieces.

Inventory:

Hand Weapons
 B - a +3 quarterstaff of chaos (weapon)
Armour
 a - a +2 robe
 h - a +2 pair of boots (worn)
 k - a +0 helmet (worn)
 n - a +2 leather armour of cold resistance
 s - a +0 robe of fire resistance (worn)
 w - a +0 cloak
 C - a +2 cloak of invisibility (worn)
Magical Staves
 q - an uncursed staff of air
Jewellery
 e - a ring of protection from cold (left hand)
 m - a ring of poison resistance (right hand)
Wands
 E - a wand of magic darts (0)
Scrolls
 f - 5 scrolls of identify
 r - 2 scrolls of teleportation
 u - 8 scrolls of remove curse
 x - a scroll of immolation
Potions
 d - a potion of mutation {unknown}
 g - a potion of haste
 p - a potion of lignification {unknown}
Books
 b - a book of Air

   Spells                             Type                      Level
   a - Shock                          Conjuration/Air              1
   b - Swiftness                      Charms/Air                   2
   c - Repel Missiles                 Charms/Air                   2
   d - Static Discharge               Conjuration/Air              3
   e - Lightning Bolt                 Conjuration/Air              5
 l - a book of the Dragon

   Spells                             Type                      Level
   a - Flame Tongue                   Conjuration/Fire             1
   b - Cause Fear                     Hexes                        4
   c - Bolt of Fire                   Conjuration/Fire             6
   d - Dragon Form                    Transmutation                7
   e - Dragon's Call                  Summoning                    9
 A - a book of Battle

   Spells                             Type                      Level
   a - Infusion                       Charms                       1
   b - Shroud of Golubria             Charms/Translocation         2
   c - Song of Slaying                Charms                       2
   d - Spectral Weapon                Hexes/Charms                 3
   e - Regeneration                   Charms/Necromancy            3
 H - a book of Transfigurations

   Spells                             Type                      Level
   a - Stoneskin                      Transmutation/Earth          2
   b - Irradiate                      Conjuration/Transmutation    5
   c - Statue Form                    Transmutation/Earth          6
   d - Hydra Form                     Transmutation                6
   e - Dragon Form                    Transmutation                7
Comestibles
 c - 2 bread rations
 j - 2 meat rations
 F - 3 fruits
 G - a royal jelly


   Skills:
 + Level 1.7 Fighting
 * Level 2.9 Staves
 + Level 0.1 Armour
 + Level 4.7 Dodging
 + Level 2.8 Stealth
 + Level 8.5 Spellcasting
 + Level 6.6 Conjurations
 + Level 0.2 Charms
 + Level 2.6 Fire Magic
 + Level 7.5 Air Magic
 * Level 2.6 Evocations


You had 9 spell levels left.
You knew the following spells:

 Your Spells              Type           Power        Failure   Level  Hunger
a - Shock                 Conj/Air       ####         1%          1    None
b - Swiftness             Chrm/Air       ####....     1%          2    None
c - Static Discharge      Conj/Air       #####...     1%          3    None
d - Lightning Bolt        Conj/Air       #####.....   12%         5    #####..
e - Repel Missiles        Chrm/Air       ####..       1%          2    None
f - Flame Tongue          Conj/Fire      ####.        1%          1    None
g - Shroud of Golubria    Chrm/Tloc      ##........   12%         2    None


Dungeon Overview and Level Annotations

Branches:
Dungeon (8/15)
 Temple: D:4-7         Lair: D:8-11

Altars:
Ashenzari
Dithmenos
Fedhas
Makhleb
Qazlal
Ru
Sif Muna
Zin
The Shining One


Message History

Drink which item? (? for menu, Esc to quit)
It was a potion of agility.
You feel agile all of a sudden.
Drink which item? (? for menu, Esc to quit)
It was a potion of resistance.
You feel protected.
Drink which item? (? for menu, Esc to quit)
It was a potion of berserk rage.
A red film seems to cover your vision as you go berserk!
You feel yourself moving faster!
You feel mighty!
You feel a strong urge to attack something.
You see here a bolt.
You hit the orc warrior.
The orc warrior is moderately wounded.
The orc warrior hits you with a glaive!!
* * * LOW HITPOINT WARNING * * *
You closely miss the orc warrior.
The orc warrior is moderately wounded.
The orc warrior hits you with a glaive!!
You die...

..≈≈#.#≈≈......#
....≈≈≈≈≈.......#
#...............#
#..............#
#..............#
#....(........#
#)...........)#
#...(.........#
#(..o@(......o# ##
#.............#
#..##.............#
#...(.............#
#.................#
#.....≈≈≈≈≈.......#
#....≈≈#)#≈≈......#
.......≈##)##≈......#
.......≈..^..≈......#


You could see an orc warrior.

Vanquished Creatures
  Eustachio (D:5)
  Menkaure (D:7)
  A hungry ghost (D:7)
  Duvessa (D:7)
  A black bear (D:7)
  An ice beast (D:6)
  2 phantoms
  2 centaurs
  4 ogres
  A giant frog (D:6)
  5 orc warriors
  Dowan (D:7)
  5 crimson imps
  A quasit (D:5)
  A centaur skeleton (D:7)
  4 hounds
  7 orc wizards
  Crazy Yiuf (D:7)
  4 orc priests
  2 worker ants
  A hound zombie (D:6)
  A hound skeleton (D:6)
  Robin (D:2)
  5 adders
  2 shadow imps
  2 oozes
  2 worms
  2 giant geckos
  26 orcs
  2 giant cockroaches
  8 hobgoblins
  3 jackals
  6 kobolds
  6 bats
  3 giant newts
  24 goblins
  4 quokkas
  A quokka skeleton (D:5)
  4 rats
149 creatures vanquished.

Notes
Turn   | Place    | Note
--------------------------------------------------------------
     0 | D:1      | Urist the High Elf Air Elementalist began the quest for the Orb.
     0 | D:1      | Reached XP level 1. HP: 11/11 MP: 4/4
   514 | D:1      | Reached XP level 2. HP: 17/17 MP: 4/6
   580 | D:1      | Learned a level 2 spell: Swiftness
   584 | D:1      | Reached skill level 4 in Air Magic
   927 | D:2      | Noticed Robin
  1198 | D:2      | Killed Robin
  1198 | D:2      | Reached XP level 3. HP: 21/21 MP: 2/8
  1693 | D:2      | Found a stormy altar of Qazlal.
  1742 | D:2      | Found a burning altar of Makhleb.
  1743 | D:2      | Reached XP level 4. HP: 27/27 MP: 8/10
  1996 | D:3      | Found a blossoming altar of Fedhas.
  2910 | D:4      | Learned a level 3 spell: Static Discharge
  2920 | D:4      | Noticed an ogre
  2926 | D:4      | Killed an ogre
  2926 | D:4      | Reached skill level 5 in Air Magic
  2926 | D:4      | Reached XP level 5. HP: 31/31 MP: 5/12
  3032 | D:4      | Noticed a phantom
  3155 | D:4      | Learned a level 5 spell: Lightning Bolt
  3202 | D:4      | Killed a phantom
  3202 | D:4      | Reached XP level 6. HP: 19/36 MP: 0/14
  3316 | D:4      | Found a deep blue altar of Sif Muna.
  3319 | D:4      | Became a worshipper of Sif Muna the Loreminder
  3433 | D:4      | Noticed an ogre
  3440 | D:4      | Killed an ogre
  3440 | D:4      | Reached skill level 5 in Spellcasting
  3946 | D:5      | Entered Level 5 of the Dungeon
  4190 | D:5      | Noticed Eustachio
  4201 | D:5      | Killed Eustachio
  4201 | D:5      | Reached skill level 6 in Air Magic
  4201 | D:5      | Reached XP level 7. HP: 31/41 MP: 4/16
  4329 | D:5      | Learned a level 2 spell: Repel Missiles
  4331 | D:5      | Learned a level 1 spell: Flame Tongue
  4424 | D:5      | Reached * piety under Sif Muna
  4952 | D:5      | Reached skill level 1 in Fighting
  5236 | D:5      | Found a glowing silver altar of Zin.
  5598 | D:6      | Found a shadowy altar of Dithmenos.
  5669 | D:6      | Reached XP level 8. HP: 48/48 MP: 14/18
  5809 | D:6      | Reached skill level 5 in Conjurations
  5854 | D:6      | Reached skill level 1 in Staves
  5984 | D:6      | Reached skill level 7 in Air Magic
  5996 | D:6      | Reached ** piety under Sif Muna
  5996 | D:6      | Reached skill level 1 in Fire Magic
  6504 | D:7      | Noticed Dowan
  6538 | D:7      | Noticed Crazy Yiuf
  6542 | D:7      | Killed Crazy Yiuf
  6596 | D:7      | Noticed Duvessa
  6603 | D:7      | Killed Duvessa
  6605 | D:7      | Killed Dowan
  6683 | D:7      | Reached skill level 1 in Evocations
  6744 | D:7      | Found a sacrificial altar of Ru.
  6848 | D:7      | Reached skill level 8 in Spellcasting
  6922 | D:7      | Reached XP level 9. HP: 51/53 MP: 13/22
  6926 | D:7      | Noticed Menkaure
  6934 | D:7      | Killed Menkaure
  7546 | D:7      | Found a blossoming altar of Fedhas.
  7547 | D:7      | Found a shattered altar of Ashenzari.
  7644 | D:8      | Found a glowing golden altar of the Shining One.
  7727 | D:8      | Reached *** piety under Sif Muna
  7936 | D:8      | Found a flagged portal.
  7971 | Bailey   | Entered a bailey
  8061 | Bailey   | Learned a level 2 spell: Shroud of Golubria
  8207 | Bailey   | Slain by an orc warrior

Action                   |  1- 3 |  4- 6 |  7- 9 || total
-------------------------+-------+-------+-------++-------
Melee: Unarmed           |    10 |     2 |       ||    12
       Staff             |       |       |    60 ||    60
       Quarterstaff      |       |       |    18 ||    18
 Cast: Shock             |    83 |   111 |    48 ||   242
       Static Discharge  |       |    11 |    41 ||    52
       Swiftness         |       |     2 |       ||     2
       Flame Tongue      |       |       |    99 ||    99
       Lightning Bolt    |       |       |     4 ||     4
       Repel Missiles    |       |       |     1 ||     1
       Shroud of Golubri |       |       |     1 ||     1
 Abil: Evoke Invisibilit |       |       |     4 ||     4
Evoke: Wand              |       |       |     6 ||     6
  Use: Scroll            |     4 |    12 |    10 ||    26
       Potion            |     1 |     1 |     5 ||     7
 Stab: Sleeping          |       |       |     2 ||     2
  Eat: Chunk             |     1 |     2 |     3 ||     6
       Beef jerky        |     1 |     1 |     2 ||     4
       Fruit             |       |     4 |       ||     4
       Meat ration       |       |     1 |     1 ||     2
       Bread ration      |       |       |     2 ||     2
